 Dungeon Crawl Stone Soup version 0.22-a0-283-g1871b15 (webtiles) character file.

28418 nikopol the Eclecticist (level 13, -9/66 HPs)
             Began as a Deep Elf Fire Elementalist on Mar 18, 2018.
             Was a High Priest of Vehumet.
             Mangled by a salamander
             ... wielding a +0 halberd
              (15 damage)
             ... in a volcano on Mar 19, 2018.
             The game lasted 01:34:54 (18289 turns).

nikopol the Eclecticist (DEFE)                     Turns: 18289, Time: 01:34:55

Health: -9/66      AC: 12    Str:  8    XL:     13   Next: 9%
Magic:  5/35       EV: 15    Int: 29    God:    Vehumet [*****.]
Gold:   803        SH:  0    Dex: 15    Spells: 22/45 levels left

rFire    . . .     SeeInvis .   N - staff of air
rCold    . . .     Gourm    .   (no shield)
rNeg     . . .     Faith    +   A - +2 robe
rPois    .         Spirit   .   o - +2 helmet
rElec    +         Reflect  .   i - +1 cloak {MR+}
rCorr    .         Harm     .   g - +0 pair of gloves
MR       ++...                  Q - +1 pair of boots
Stlth    +++.......             y - amulet of faith
HPRegen  0.21/turn              S - +3 ring of intelligence
MPRegen  0.24/turn              p - ring of Temptation {Wiz Str+3}

@: no status effects
A: no striking features
a: Renounce Religion


You were in a volcano.
You worshipped Vehumet.
Vehumet was extremely pleased with you.
You were not hungry.

You visited 3 branches of the dungeon, and saw 15 of its levels.
You also visited: Volcano.

You collected 803 gold pieces.

Inventory:

Hand Weapons
 F - a +4 dagger
 M - a +2 long sword of slicing
Armour
 g - a +0 pair of gloves (worn)
 i - a +1 cloak of magic resistance (worn)
 o - a +2 helmet (worn)
 A - a +2 robe (worn)
 Q - a +1 pair of boots (worn)
Magical Staves
 N - an uncursed staff of air (weapon)
Jewellery
 p - the ring of Temptation (right hand) {Wiz Str+3}
   (You found it on level 4 of the Dungeon)

   [ring of wizardry]

   It improves your spell success rate.
   It affects your strength (+3).
 r - an uncursed ring of magical power {unknown}
 y - an amulet of faith (around neck)
 L - an uncursed amulet of guardian spirit {unknown}
 P - an uncursed amulet of the gourmand {unknown}
 S - a +3 ring of intelligence (left hand)
Wands
 a - a wand of scattershot (5)
 e - a wand of iceblast (4)
 h - a wand of disintegration (12)
 u - a wand of acid (4)
 w - a wand of random effects (34)
 D - a wand of flame (71)
 E - a wand of polymorph (15)
 H - a wand of clouds (4)
 J - a wand of digging (13)
Scrolls
 b - 2 scrolls of fog {unknown}
 f - 2 scrolls of amnesia
 j - 3 scrolls of remove curse
 l - 3 scrolls of teleportation
 q - 6 scrolls of enchant weapon
 t - a scroll of magic mapping
 v - a scroll of identify
 C - a scroll of blinking {unknown}
 K - a scroll of acquirement {unknown}
 R - a scroll of vulnerability {unknown}
Potions
 d - 2 potions of agility
 k - 2 potions of heal wounds
 m - 2 potions of might
 n - a potion of lignification
 s - 2 potions of resistance {unknown}
 x - a potion of brilliance {unknown}
 z - a potion of magic
 B - a potion of ambrosia {unknown}
 G - a potion of invisibility {unknown}
 I - a potion of mutation {unknown}
 O - a potion of flight {unknown}
 U - a potion of berserk rage {unknown}
 V - a potion of haste {unknown}
Comestibles
 c - 28 rations


   Skills:
 + Level 1.7 Fighting
 + Level 5.4 Dodging
 + Level 5.2 Stealth
 + Level 0.5 Unarmed Combat
 + Level 16.7 Spellcasting
 + Level 13.0 Conjurations
 + Level 12.7 Fire Magic
 + Level 0.2 Evocations


You had 22 spell levels left.
You knew the following spells:

 Your Spells              Type           Power        Failure   Level  Hunger
a - Flame Tongue          Conj/Fire      #####        0%          1    None
b - Throw Flame           Conj/Fire      ######       0%          2    None
c - Conjure Flame         Conj/Fire      #######.     1%          3    None
d - Sticky Flame          Conj/Fire      #######.     1%          4    None
e - Fireball              Conj/Fire      #######...   1%          5    None
f - Searing Ray           Conj           ######       0%          2    None
g - Iron Shot             Conj/Erth      ######....   2%          6    ###....


Dungeon Overview and Level Annotations

Branches:
Dungeon (10/15)            Temple (1/1) D:4            Lair (4/6) D:9
 Shoals (0/4) Lair:2       Spider (0/4) Lair:2          Orc (0/2) D:10

Altars:
Ashenzari
Cheibriados
Dithmenos
Elyvilon
Fedhas
Gozag
Hepliaklqana
Kikubaaqudgha
Makhleb
Nemelex Xobeh
Qazlal
Ru
Sif Muna
Trog
Vehumet
Wu Jian
Xom
Yredelemnul
Zin
The Shining One

Annotations:
D:5 2 transporters
D:10 Urug


Message History

Confirm with . or Enter, or press ? or * to list all spells.
Aiming: Searing Ray (safe; 0% risk of failure)
Press: ? - help, Shift-Dir - straight line, f/p - salamander
Aim: a salamander, wielding a halberd (heavily wounded)
The searing ray hits the salamander.
The salamander is heavily wounded. (Press . to maintain the ray.)
The sentinel's mark upon you fades away.
The salamander hits you but does no damage.
The searing ray hits the salamander.
The salamander is severely wounded.
The salamander closely misses you.
The searing ray hits the salamander.
The salamander is severely wounded.
The searing ray hits the salamander.
The salamander is almost dead.
You finish channeling your searing ray.
The salamander hits you with a halberd.
* * * LOW HITPOINT WARNING * * *
You are engulfed in flames!
You die...

.≈≈≈≈≈≈ ..
##b≈≈≈≈≈≈
≈..####.^≈≈≈≈≈≈
§..........≈≈≈≈
§§.......≈≈≈≈≈≈
####.# ##..'##
#N#### ##@∩#
####


You could see a salamander.

Vanquished Creatures
  Harold (Lair:3)
  A hydra (Lair:2)
  A two-headed ogre (Volcano)
  A spriggan (Lair:2)
  The ghost of vishdafish the Cleaver, a novice FoFi (D:5)
  4 oklob plants (Lair:2)
  A salamander (Volcano)
  A manticore (Lair:2)
  3 black mambas
  7 elephants
  A gargoyle (Volcano)
  7 spiny frogs
  3 komodo dragons
  The ghost of Pawles22 the Changer, an amateur NaTm (D:4)
  A queen bee (Lair:2)
  A hornet (Lair:2)
  8 blink frogs (Lair:2)
  4 hippogriffs (Lair:2)
  A redback (Lair:2)
  2 fire bats (Volcano)
  15 yaks
  3 basilisks
  A steam dragon (Lair:2)
  3 wyverns (Lair:2)
  4 water moccasins
  2 porcupines (Lair:1)
  3 ice beasts
  3 orc warriors
  2 black bears
  3 phantoms
  4 ogres
  8 centaurs
  35 wolves
  7 crocodiles
  A big kobold (D:8)
  A gnoll sergeant (D:5)
  12 bullfrogs
  Blork the orc (D:6)
  3 scorpions
  33 killer bees
  6 howler monkeys
  An electric eel (Lair:3)
  A centaur zombie (D:9)
  3 crimson imps
  5 hounds
  A quasit (D:6)
  A bullfrog zombie (D:8)
  2 centaur skeletons
  3 jellies
  9 orc wizards
  4 orc priests
  Crazy Yiuf (D:2)
  2 bullfrog skeletons (D:9)
  Natasha (D:2)
  3 iguanas
  7 worker ants
  A killer bee zombie (D:7)
  A hound zombie (D:9)
  2 hound skeletons
  4 worker ant zombies
  A howler monkey zombie (D:10)
  8 gnolls
  A howler monkey skeleton (D:4)
  2 river rats (Lair:2)
  14 adders
  2 shadow imps
  An ooze (D:5)
  A worm (D:2)
  3 leopard geckos
  34 orcs
  4 giant cockroaches
  8 goblins
  7 hobgoblins
  10 jackals
  12 kobolds
  4 quokkas
  3 ball pythons (D:1)
  12 bats
  7 frilled lizards
  2 goblin zombies (D:10)
  A jackal zombie (D:6)
  2 leopard gecko skeletons
  An orc skeleton (D:10)
  3 orc zombies (D:10)
  8 rats
  4 bushes (D:6)
  A plant (Lair:3)
408 creatures vanquished.

Vanquished Creatures (others)
  A bush (D:6)
  10 fungi
  12 plants
23 creatures vanquished.

Grand Total: 431 creatures vanquished

Notes
Turn   | Place    | Note
-------+----------+-------------------------------------------
     0 | D:1      | nikopol the Deep Elf Fire Elementalist began the quest for the Orb.
     0 | D:1      | Reached XP level 1. HP: 10/10 MP: 6/6
   264 | D:1      | Reached XP level 2. HP: 15/15 MP: 4/8
   932 | D:1      | Reached XP level 3. HP: 19/19 MP: 8/10
  1287 | D:2      | Found a runed door.
  1291 | D:2      | Noticed Crazy Yiuf
  1298 | D:2      | Learned a level 2 spell: Throw Flame
  1302 | D:2      | Learned a level 3 spell: Conjure Flame
  1308 | D:2      | Killed Crazy Yiuf
  1308 | D:2      | Reached skill level 4 in Spellcasting
  1556 | D:2      | Reached XP level 4. HP: 24/24 MP: 7/12
  2006 | D:2      | Learned a level 4 spell: Sticky Flame
  2144 | D:2      | Noticed Natasha
  2153 | D:2      | Killed Natasha
  2153 | D:2      | Reached skill level 5 in Spellcasting
  2153 | D:2      | Reached XP level 5. HP: 25/28 MP: 0/14
  2655 | D:3      | Found a faded altar of an unknown god.
  2680 | D:3      | Found a snail-covered altar of Cheibriados.
  3453 | D:4      | Noticed Pawles22's ghost (amateur NaTm)
  3564 | D:4      | Got a warped ivory ring
  3573 | D:4      | Identified the ring of Temptation {Wiz Str+3} (You found it on level 4 of the Dungeon)
  3618 | D:4      | Reached XP level 6. HP: 32/32 MP: 12/16
  3641 | D:4      | Killed Pawles22's ghost
  3641 | D:4      | Reached skill level 6 in Spellcasting
  3641 | D:4      | Reached skill level 5 in Fire Magic
  3813 | D:4      | Reached XP level 7. HP: 27/36 MP: 7/18
  4195 | D:4      | Learned a level 5 spell: Fireball
  4222 | D:4      | Found a staircase to the Ecumenical Temple.
  4232 | Temple   | Entered the Ecumenical Temple
  4357 | Temple   | Became a worshipper of Vehumet
  4618 | D:4      | Reached skill level 7 in Spellcasting
  4704 | D:5      | Entered Level 5 of the Dungeon
  5049 | D:5      | Reached skill level 5 in Conjurations
  5069 | D:5      | Found a transporter.
  5340 | D:5      | Noticed vishdafish's ghost (novice FoFi)
  5627 | D:5      | Reached XP level 8. HP: 42/42 MP: 14/21
  5811 | D:5      | Killed vishdafish's ghost
  5811 | D:5      | Reached skill level 8 in Spellcasting
  5975 | D:5      | Found a transporter.
  6266 | D:6      | Reached skill level 9 in Spellcasting
  6374 | D:6      | Noticed Blork the orc
  6383 | D:6      | Reached * piety under Vehumet
  6383 | D:6      | Offered knowledge of Shock by Vehumet.
  6836 | D:6      | Killed Blork the orc
  6836 | D:6      | Reached XP level 9. HP: 38/46 MP: 13/24
  7025 | D:6      | Found a sacrificial altar of Ru.
  7835 | D:7      | Reached ** piety under Vehumet
  7835 | D:7      | Offered knowledge of Freeze by Vehumet.
  7888 | D:7      | Reached skill level 10 in Spellcasting
  8478 | D:8      | Found a burning altar of Makhleb.
  8478 | D:8      | Noticed a cacodemon
  8603 | D:8      | Reached skill level 11 in Spellcasting
  8744 | D:8      | Offered knowledge of Searing Ray by Vehumet.
  8754 | D:8      | Learned a level 2 spell: Searing Ray
  8970 | D:8      | You fall through a shaft for 2 floors!
  8970 | D:10     | Entered Level 10 of the Dungeon
  8978 | D:10     | Reached *** piety under Vehumet
  9013 | D:10     | Reached XP level 10. HP: 51/51 MP: 5/27
  9033 | D:10     | Offered knowledge of Static Discharge by Vehumet.
  9321 | D:9      | Reached **** piety under Vehumet
  9689 | D:9      | Reached skill level 1 in Fighting
  9783 | D:9      | Offered knowledge of Iskenderun's Battlesphere by Vehumet.
 10350 | D:9      | Found a staircase to the Lair.
 10500 | D:10     | Noticed Urug
 10698 | Lair:1   | Entered Level 1 of the Lair of Beasts
 11095 | Lair:1   | Reached skill level 12 in Spellcasting
 11275 | Lair:1   | Noticed a spiny frog
 11288 | Lair:1   | Killed a spiny frog
 11304 | Lair:1   | Reached ***** piety under Vehumet
 11309 | Lair:1   | Noticed a wolf spider
 11451 | Lair:1   | Noticed a spiny frog
 11460 | Lair:1   | Killed a spiny frog
 11460 | Lair:1   | Reached skill level 13 in Spellcasting
 11460 | Lair:1   | Reached skill level 10 in Conjurations
 11557 | Lair:1   | Reached skill level 10 in Fire Magic
 11700 | Lair:1   | Offered knowledge of Lightning Bolt by Vehumet.
 11940 | Lair:1   | Found a shattered altar of Ashenzari.
 11945 | Lair:1   | Reached XP level 11. HP: 42/56 MP: 22/30
 12652 | Lair:2   | Noticed a spriggan rider
 12710 | Lair:1   | Reached skill level 14 in Spellcasting
 13782 | Lair:2   | Killed a spriggan rider
 13782 | Lair:2   | Reached skill level 15 in Spellcasting
 13948 | Lair:2   | Found a hole to the Spider Nest.
 14046 | Lair:2   | Reached XP level 12. HP: 61/61 MP: 18/33
 14181 | Lair:2   | Found a staircase to the Shoals.
 14607 | Lair:2   | Offered knowledge of Fulminant Prism by Vehumet.
 14910 | Lair:2   | Noticed a five-headed hydra
 14912 | Lair:2   | Killed a five-headed hydra
 15229 | Lair:2   | Reached skill level 5 in Stealth
 16070 | Lair:2   | Reached skill level 16 in Spellcasting
 16908 | Lair:3   | Noticed Harold
 16911 | Lair:3   | Killed Harold
 17168 | Lair:2   | Offered knowledge of Iron Shot by Vehumet.
 17644 | Lair:3   | Reached skill level 5 in Dodging
 17648 | Lair:3   | Reached XP level 13. HP: 43/66 MP: 21/35
 18194 | Lair:4   | Found a dark tunnel.
 18202 | Lair:4   | Learned a level 6 spell: Iron Shot
 18208 | Volcano  | Entered a volcano
 18274 | Volcano  | HP: 1/66 [two-headed ogre/giant club of flaming (5)]
 18289 | Volcano  | Mangled by a salamander

Vault maps used:
D:1:      elethiomel_arrival_diamonds, minmay_shallow_snake_nest
D:2:      uniq_natasha, uniq_crazy_yiuf_cottage
D:3:      old_standard_altar, chequers_ecumenical_altar_simple_redux,
          kennysheep_generic_room_8
D:4:      minmay_temple_entry_large_hall, first_ration
D:5:      gammafunk_cloud_chamber
D:6:      minmay_hedge_maze, kb_lookout_dungeons_type,
          nicolae_ru_the_path_less_chosen, uniq_blork_the_orc
D:8:      makhleb_altar_promises_db
D:9:      lair_entry_dummy, grunt_pizzeria, st_stairs_3,
          hangedman_decor_peaks_small
D:10:     zombieorc2_lemuel, nicolae_trove_entry_crystal, uniq_urug
Temple:   minmay_crystal_snake_temple
Lair:1:   minmay_lair_venomous_thicket, lemuel_centaur_altar
Lair:2:   hangedman_what_comes_after_a, shoals_dummy_entry,
          spider_nest_entry_webs, grunt_forest_large_clearings,
          infiniplex_staircase_pool
Lair:3:   serial_bayou_shore_a, uniq_harold
Lair:4:   nicolae_volcano_entry_hallway
Volcano:  volcano_village

Skill      XL: |  1  2  3  4  5  6  7  8  9 10 11 12 13 |
---------------+----------------------------------------+-----
Stealth        | 3 4 5 |  5.2
Spellcasting   | 4 5 6 7 9 11 13 15 16 | 16.7
Fire Magic     | 4 5 7 9 10 11 12 | 12.7
Conjurations   | 2 3 5 7 8 10 11 12 13 | 13.0
Dodging        | 3 4 5 |  5.4
Fighting       | 1 |  1.7
Unarmed Combat | |  0.5
Evocations     | |  0.2

Action                   |  1- 3 |  4- 6 |  7- 9 | 10-12 | 13-15 || total
-------------------------+-------+-------+-------+-------+-------++-------
Melee: Unarmed           |       |    13 |     1 |       |       ||    14
       Dagger            |       |       |       |     2 |       ||     2
       Staff             |       |       |       |     1 |       ||     1
 Cast: Flame Tongue      |    62 |   107 |   255 |   389 |     5 ||   818
       Conjure Flame     |     1 |     4 |    18 |    20 |       ||    43
       Throw Flame       |     1 |     3 |    16 |    60 |     3 ||    83
       Sticky Flame      |       |     4 |    11 |    91 |     3 ||   109
       Fireball          |       |       |    18 |    72 |       ||    90
       Searing Ray       |       |       |       |     3 |     3 ||     6
       Iron Shot         |       |       |       |       |     6 ||     6
Evoke: Wand              |       |       |     2 |     1 |       ||     3
  Use: Scroll            |       |       |     6 |     6 |     1 ||    13
       Potion            |       |       |       |     3 |     2 ||     5
  Eat: Chunk             |     2 |     6 |    17 |    24 |     1 ||    50
       Ration            |       |       |     1 |     1 |     1 ||     3
Armor: Robe              |     5 |    13 |     6 |    72 |     6 ||   102
Dodge: Dodged            |    14 |    39 |    24 |   150 |    14 ||   241

Table legend:
 A = Spawn XP
 B = Non-spawn XP
 C = Spawn XP percentage of total XP
 D = Spawn monster count
 E = Non-spawn monster count
 F = Spawn count percentage of total count
 G = Total turns spent on level
                    A         B        C        D         E        F      G
               +---------+---------+-------+---------+---------+-------+---------
         Total |       0 |   40598 |   0.0 |       0 |     403 |   0.0 | 18289
               +---------+---------+-------+---------+---------+-------+---------
           D:1 |       0 |      42 |   0.0 |       0 |      26 |   0.0 |  1152
           D:2 |       0 |     207 |   0.0 |       0 |      33 |   0.0 |  1446
           D:3 |       0 |     110 |   0.0 |       0 |      16 |   0.0 |   956
           D:4 |       0 |     620 |   0.0 |       0 |      21 |   0.0 |  1280
           D:5 |       0 |    1218 |   0.0 |       0 |      17 |   0.0 |  1151
           D:6 |       0 |     729 |   0.0 |       0 |      15 |   0.0 |  1074
           D:7 |       0 |    1176 |   0.0 |       0 |      22 |   0.0 |  1062
           D:8 |       0 |    1204 |   0.0 |       0 |      22 |   0.0 |   975
           D:9 |       0 |    1469 |   0.0 |       0 |      30 |   0.0 |  1118
          D:10 |       0 |     547 |   0.0 |       0 |      33 |   0.0 |   345
        Lair:1 |       0 |    5578 |   0.0 |       0 |      38 |   0.0 |  2343
        Lair:2 |       0 |   20589 |   0.0 |       0 |     111 |   0.0 |  3458
        Lair:3 |       0 |    4666 |   0.0 |       0 |      13 |   0.0 |  1614
        Lair:4 |       0 |     389 |   0.0 |       0 |       1 |   0.0 |    95
       Volcano |       0 |    2054 |   0.0 |       0 |       5 |   0.0 |    81
               +---------+---------+-------+---------+---------+-------+---------
